 Dungeon Crawl Stone Soup version 0.31-a0-345-g1ebeae05c6 (webtiles) character file.

Game seed: 372461847456956899

799 Bill214 the Slasher (level 8, -2/60 HPs)
             Began as a Human Fighter on July 23, 2023.
             Killed from afar by an orc wizard (3 damage)
             ... with a puff of flame
             ... on level 4 of the Dungeon.
             The game lasted 00:30:42 (3795 turns).

Bill214 the Slasher (Human Fighter)                 Turns: 3795, Time: 00:30:42

Health: -2/60      AC:  7    Str: 17    XL:     8   Next: 13%
Magic:  8/8        EV: 11    Int: 10    God:
Gold:   976        SH:  5    Dex: 13    Spells: 7/7 levels left

rFire   . . .        a - +0 long sword
rCold   + . .        c - +0 buckler
rNeg    . . .        n - +2 ring mail {rC+}
rPois   +            (helmet restricted)
rElec   .            e - +2 cloak
rCorr   .            (no gloves)
SInv    .            (no boots)
Will    .....        k - amulet of regeneration
Stlth   +            G - ring of poison resistance
HPRegen 1.10/turn    L - ring of wizardry
MPRegen 0.11/turn

%: wizardry (x1)
@: corroded
A: horns 1, mutation resistance 1
a: no special abilities


You were on level 4 of the Dungeon.
You visited 1 branch of the dungeon, and saw 4 of its levels.
You also visited: Sewer.

You collected 976 gold pieces.

Inventory:

Hand Weapons
 a - a +0 long sword (weapon)
 s - a +0 mace
 u - a +0 long sword
 w - a +0 falchion
 x - a +1 dagger of draining
 y - a +0 sling
 B - a +1 short sword of distortion
 C - a +0 falchion
 M - a +1 dagger of electrocution
Missiles
 h - 22 stones
 t - 5 javelins
Armour
 b - a +0 scale mail
 c - a +0 buckler (worn)
 d - +0 steam dragon scales
 e - a +2 cloak (worn)
 n - a +2 ring mail of cold resistance (worn)
 r - a +0 ring mail
 H - a +1 cloak
 N - a +0 robe
 Q - a +0 chain mail
Jewellery
 k - an amulet of regeneration (around neck)
 G - a ring of poison resistance (left hand)
 L - a ring of wizardry (right hand)
Wands
 A - a wand of charming (21)
 D - a wand of acid (17)
 P - a wand of roots (8)
Scrolls
 f - a scroll of teleportation
 g - a scroll of immolation
 j - 2 scrolls of noise
 m - a scroll of amnesia {unknown}
 E - a scroll of silence {unknown}
 O - a scroll of identify {unknown}
Potions
 l - 2 potions of enlightenment {unknown}
 o - a potion of attraction {unknown}
 v - 2 potions of berserk rage {unknown}
 z - 3 potions of resistance {unknown}
 I - a potion of invisibility {unknown}


   Skills:
 + Level 4.2 Fighting
 + Level 5.3 Long Blades
 + Level 5.0 Armour
 + Level 3.0 Dodging
 + Level 0.1 Stealth
 + Level 4.3 Shields


You had 7 spell levels left.
You didn't know any spells.
Your spell library contained the following spells:

 Spells                   Type           Power      Damage    Failure   Level
 Apportation              Tloc           0%         N/A       32%         1
 Necrotise                Necr           0%         1d4       32%         1
 Summon Small Mammal      Summ           0%         N/A       32%         1


Dungeon Overview and Level Annotations

Branches:
Dungeon (4/15)              Sewer (visited)
 Temple: D:4-7

Altars:

Shops:
D:1 (


Innate Abilities, Weirdness & Mutations

You have a pair of small horns on your head.
You are somewhat resistant to further mutation.


Message History

You closely miss the adder. You headbutt the adder.
The adder is moderately wounded.
You block the adder's attack. Something hits you but does no damage.
The orc closely misses you. The jelly closely misses you. The adder bites you.
You are poisoned.
The adder poisons you!
You completely miss the adder.
The adder is moderately wounded.
You feel sick. The adder bites you. You block something's attack.
The orc hits you with a +0 flail. The jelly hits you but does no damage.
You slash the adder!
You kill the adder!
You feel sick. You block the orc's attack. You block something's attack.
You block the jelly's attack.
The giant cockroach bites you but does no damage.
The orc hits you with a +0 flail!
* * * LOW HITPOINT WARNING * * *
Something hits you.
* * * LOW HITPOINT WARNING * * *
The jelly barely misses you.
Your Dodging skill increases to level 3!
You closely miss the giant cockroach.
You feel sick.
The giant cockroach bites you but does no damage.
Something hits you but does no damage. The jelly closely misses you.
The orc closely misses you.
You hit the giant cockroach but do no damage.
You headbutt the giant cockroach.
You kill the giant cockroach!
You feel sick. Something hits you.
* * * LOW HITPOINT WARNING * * *
The orc hits you but does no damage. The jelly hits you.
* * * LOW HITPOINT WARNING * * *
You are splashed with acid!
* * * LOW HITPOINT WARNING * * *
You barely miss the kobold.
You feel sick.
You are no longer poisoned.
You hear some strange, mumbled words.
A puff of flame appears from out of thin air!
The puff of flame hits you.
You die...

.......##......#########......#..
.......#......##.≈..÷.≈.##......<
.............##...~.÷~...##.#....
.....#......##.~..~..≈..~.#...#..
.....#......##..≈..~~..~...#..#..
..........#.#...########...#..#.#
).........###.^##.8).8.##..##....
†........## ..##oJ......##≈.####.
.##.....[.##.##{@K# ##.## .
###.#.....#..#..##S§§.# #..#
#..##....#.##.## $..≈# ##.#
##........#.#..# .#[. #.#
#..###....#....# #§§ #.#
..####....#†##.# ≈# ##.#
....#.....#.†#..## # #..#
..........##.##..###### ##.##
...........#.~##.....S. ##~.#


You could see a jelly, an orc, a ball python and a kobold.

Vanquished Creatures
  A steam dragon (D:4)
  A water moccasin (D:4)
  A black bear (D:4)
  Pargi (Sewer)
  6 iguanas
  3 gnolls (D:4)
  10 adders
  A river rat (D:3)
  6 dart slugs
  2 orcs
  6 endoplasms
  7 giant cockroaches
  6 goblins
  7 hobgoblins
  4 quokkas
  8 ball pythons
  6 bats
  A frilled lizard (Sewer)
  4 kobolds (Sewer)
  6 rats
87 creatures vanquished.

Notes
Turn   | Place    | Note
-------+----------+-------------------------------------------
     0 | D:1      | Bill214 the Human Fighter began the quest for the Orb.
     0 | D:1      | Reached XP level 1. HP: 18/18 MP: 1/1
   203 | D:1      | Found Xoifuawk's Weapon Emporium.
   275 | D:1      | Reached XP level 2. HP: 21/24 MP: 2/2
   823 | D:2      | Reached XP level 3. HP: 27/29 MP: 3/3
   994 | D:2      | Reached XP level 4. HP: 18/35 MP: 4/4
  1465 | D:3      | Reached XP level 5. HP: 28/41 MP: 5/5
  1900 | D:3      | Found a glowing drain.
  1905 | Sewer    | Entered a sewer
  2082 | Sewer    | Noticed Pargi
  2117 | Sewer    | Killed Pargi
  2118 | Sewer    | Reached skill level 1 in Dodging
  2118 | Sewer    | Reached XP level 6. HP: 21/48 MP: 6/6
  3145 | D:4      | Reached XP level 7. HP: 53/53 MP: 7/7
  3167 | D:4      | Noticed a water moccasin
  3195 | D:4      | Killed a water moccasin
  3508 | D:4      | Noticed a steam dragon
  3522 | D:4      | Identified a scroll of acquirement
  3522 | D:4      | Acquired 771 gold pieces
  3525 | D:4      | HP: 2/54 [adder (3)]
  3530 | D:4      | Gained mutation: You have a pair of small horns on your
                  | head. [potion of mutation]
  3530 | D:4      | Gained mutation: You are somewhat resistant to further
                  | mutation. [potion of mutation]
  3542 | D:4      | Killed a steam dragon
  3543 | D:4      | Reached skill level 5 in Long Blades
  3788 | D:4      | Reached skill level 5 in Armour
  3788 | D:4      | Reached XP level 8. HP: 24/60 MP: 8/8
  3794 | D:4      | HP: 1/60 [acid (8)]
  3795 | D:4      | Killed from afar by an orc wizard

Illustrated notes

Levels and vault maps discovered:
D:1:      mrwooster_arrival_arrow, layout_rooms, serial_shops,
          nicolae_shop_rolling_square
D:2:      layout_loops_ring, minmay_misc_feat_diagonals, hangedman_decor_push
D:3:      layout_basic, gup_sewer_entry_spiral, minmay_crystal_water
D:4:      layout_cave_pools, nzn_random_ring

Skill      XL: |  1  2  3  4  5  6  7  8 |
---------------+-------------------------+-----
Long Blades    | 3 4 5 |  5.3
Armour         | 4 5 |  5.0
Dodging        | 1 2 3 |  3.0
Fighting       | 4 |  4.2
Shields        | 4 |  4.3
Stealth        | |  0.1

Action                     |  1- 3 |  4- 6 |  7- 9 || total
---------------------------+-------+-------+-------++-------
  Melee: Long sword        |    66 |   236 |   112 ||   414
         Headbutt          |       |       |    11 ||    11
    Use: Scroll            |       |     3 |     4 ||     7
         Potion            |       |       |     4 ||     4
 Armour: Scale mail        |    19 |       |       ||    19
         Ring mail         |    19 |   148 |   106 ||   273
  Dodge: Dodged            |    28 |   133 |   103 ||   264
  Block: Buckler           |    21 |    60 |    66 ||   147

Table legend: (Time is in decaauts)
 A = Elapsed time spent in this place.
 B = Non-inter-level travel time spent in this place.
 C = Inter-level travel time spent in this place.
 D = Time resting spent in this place.
 E = Time spent auto-exploring this place.
 F = Levels seen in this place.
 G = Mean time per level.
                   A        B        C        D        E       F      G
               +--------+--------+--------+--------+--------+-----+--------+
         Total |   3944 |   3944 |      0 |    617 |      0 |   5 |  788.8 |
       Dungeon |   3457 |   3457 |      0 |    392 |      0 |   4 |  864.2 |
         Sewer |    487 |    487 |      0 |    225 |      0 |   1 |  487.0 |
               +--------+--------+--------+--------+--------+-----+--------+

Top non-repeatable levels by time:
     D:4: 1133 daAuts
     D:3: 851 daAuts
     D:2: 808 daAuts
     D:1: 663 daAuts
   Sewer: 487 daAuts
